 Dungeon Crawl Stone Soup version 0.29-a0-330-g52719c12eb (webtiles) character file.

Game seed: 2129258134275975655

66 Maratek the Cudgeller (level 3, -2/29 HPs)
             Began as a Demonspawn Berserker on May 31, 2022.
             Was a Believer of Trog.
             Slain by a sky beast (6 damage)
             ... on level 3 of the Dungeon.
             The game lasted 00:04:56 (2717 turns).

Maratek the Cudgeller (Demonspawn Berserker)        Turns: 2717, Time: 00:04:57

Health: -2/29      AC:  2    Str: 19    XL:     3   Next: 96%
Magic:  3/3        EV: 12    Int:  8    God:    Trog [**....]
Gold:   120        SH:  0    Dex: 12    Spells: 2/2 levels left

rFire   . . .      SeeInvis .   a - +0 mace
rCold   . . .      Faith    .   (no shield)
rNeg    . . .      Spirit   .   b - +0 animal skin
rPois   .          Reflect  .   (no helmet)
rElec   .          Harm     .   (no cloak)
rCorr   .          Rampage  .   (no gloves)
Will    .....                   (no boots)
Stlth   +.........              (no amulet)
HPRegen 0.09/turn               (no ring)
MPRegen 0.08/turn               (no ring)

@: no status effects
A: weakness stinger 1, demonic touch 1
a: Renounce Religion, Berserk, Trog's Hand


You were on level 3 of the Dungeon.
You worshipped Trog.
Trog was pleased with you.
You visited 1 branch of the dungeon, and saw 3 of its levels.

You collected 120 gold pieces.

Inventory:

Hand Weapons
 a - a +0 mace (weapon)
Missiles
 k - a throwing net (quivered)
Armour
 b - a +0 animal skin (worn)
Jewellery
 d - a ring of positive energy
Scrolls
 c - a scroll of acquirement {unknown}
 e - a scroll of fear {unknown}
 f - 3 scrolls of identify {unknown}
 g - a scroll of noise {unknown}
 h - 2 scrolls of enchant armour {unknown}
 j - 3 scrolls of immolation {unknown}
 l - a scroll of teleportation {unknown}
 m - a scroll of amnesia {unknown}
Potions
 i - 2 potions of degeneration {unknown}


   Skills:
 + Level 3.4 Fighting
 + Level 3.6 Maces & Flails
 + Level 2.0 Armour
 + Level 2.2 Dodging
 + Level 0.6 Stealth


You had 2 spell levels left.
You didn't know any spells.
Your spell library was empty.

Dungeon Overview and Level Annotations

Branches:
Dungeon (3/15)

Altars:
Dithmenos
Gozag


Innate Abilities, Weirdness & Mutations

You have a small tail.
Your touch may inflict minor irresistible damage on your foes.


Message History

The ball python is moderately wounded.
The ball python bites you. The ball python constricts you.
You barely miss the ball python. Your touch misses the ball python.
The ball python is moderately wounded.
The ball python bites you. The ball python constricts you.
The ball python barely misses you. The ball python constricts you.
You hit the ball python.
You kill the ball python!
Trog accepts your kill.
No target in view!
No target in view!
No target in view!
No target in view!
No target in view!
There is an open gate here.
You see here a ball python corpse.
Found an opulent altar of Gozag.
There is an open gate here.
j - 3 scrolls labelled HATRIUSUMI (gained 1)
You now have 120 gold pieces (gained 16).
Found a helmet.
Found a stone staircase leading down.
A sky beast comes into view.
A sky beast is nearby!
A sky beast is nearby!
The sky beast flickers out of sight!
Deactivating autopickup; reactivate with Ctrl-A.
No target in view!
No target in view!
Something hits you. Something shocks you.
No target in view!
No target in view!
Something hits you. Something shocks you. Something hits you.
Something shocks you.
* * * LOW HITPOINT WARNING * * *
A sky beast appears from thin air!
Reactivating autopickup.
The sky beast hits you.
* * * LOW HITPOINT WARNING * * *
The sky beast shocks you.
You die...

...# .[ #..# #.
#..# #. #..
####.###.###### #
...........!.>#.#
................#
#......Y....#
###.....@.....#
#...............
#.####.###..#.##
#######.# #.# ..#
# ........## #.#
.# .........# #..
..
########.#######
#.
####..............
..
...#...###...#####


You could see a sky beast.

Vanquished Creatures
  2 adders (D:2)
  A worm (D:2)
  2 dart slugs
  3 ball pythons
  4 bats
  An endoplasm (D:1)
  3 giant cockroaches
  7 goblins
  3 hobgoblins
  3 jackals (D:2)
  5 frilled lizards
  3 kobolds
  2 rats
39 creatures vanquished.

Notes
Turn   | Place    | Note
-------+----------+-------------------------------------------
     0 | D:1      | Maratek the Demonspawn Berserker began the quest for the
                  | Orb.
     0 | D:1      | Reached XP level 1. HP: 18/18 MP: 1/1
   616 | D:1      | Discovered your monstrous ancestry.
   616 | D:1      | Gained mutation: Your touch may inflict minor irresistible
                  | damage on your foes. [demonic ancestry]
   616 | D:1      | Reached XP level 2. HP: 16/24 MP: 2/2
  1499 | D:2      | Gained mutation: You have a small tail. [demonic ancestry]
  1499 | D:2      | Reached XP level 3. HP: 28/29 MP: 3/3
  1515 | D:2      | Found a shadowy altar of Dithmenos.
  2082 | D:2      | Reached ** piety under Trog
  2675 | D:3      | Found an opulent altar of Gozag.
  2711 | D:3      | Noticed a sky beast
  2717 | D:3      | Slain by a sky beast

Illustrated notes

Levels and vault maps discovered:
D:1:      matt_arrival_grand_opening, layout_basic, st_stairs_7
D:2:      layout_basic, basic_altar
D:3:      layout_basic, mainiacjoe_overflow_alcove_4,
          hellmonk_ecumenical_altar_leap_of_faith, grunt_ministairs_8,
          kennysheep_generic_room_11

Skill      XL: |  1  2 |
---------------+-------+-----
Maces & Flails | 3 |  3.6
Dodging        | 2 |  2.2
Armour         | 2 |  2.0
Fighting       | |  3.4
Stealth        | |  0.6

Action                   || total
-------------------------++-------
Melee: Mace              ||   115
       Punch             ||     2
       Touch             ||    12
       Tailslap          ||     6
Invok: Berserk           ||     1
  Use: Potion            ||     3
 Stab: Sleeping          ||     5
Armor: Animal skin       ||    24
Dodge: Dodged            ||    76

Table legend: (Time is in decaauts)
 A = Elapsed time spent in this place.
 B = Non-inter-level travel time spent in this place.
 C = Inter-level travel time spent in this place.
 D = Time resting spent in this place.
 E = Time spent auto-exploring this place.
 F = Levels seen in this place.
 G = Mean time per level.
                   A        B        C        D        E       F      G
               +--------+--------+--------+--------+--------+-----+--------+
         Total |   2757 |   2757 |      0 |      0 |   2280 |   3 |  919.0 |
       Dungeon |   2757 |   2757 |      0 |      0 |   2280 |   3 |  919.0 |
               +--------+--------+--------+--------+--------+-----+--------+

Top non-repeatable levels by time:
     D:1: 1508 daAuts
     D:2: 1066 daAuts
     D:3: 183 daAuts
